 Dungeon Crawl Stone Soup version 0.29-a0-1014-ga8c0faee3b (webtiles) character file.

Game seed: 11393581764118460499

265 Ijustatesigmund the Magician (level 6, -4/36 HPs)
             Began as an Octopode Earth Elementalist on Aug 9, 2022.
             Slain by an iguana (6 damage)
             ... on level 4 of the Dungeon.
             The game lasted 00:10:02 (4919 turns).

Ijustatesigmund the Magician (OpEE)                 Turns: 4919, Time: 00:10:04

Health: -4/36      AC:  1    Str:  7    XL:     6   Next: 20%
Magic:  4/12       EV: 13    Int: 19    God:
Gold:   139        SH:  0    Dex: 13    Spells: 7/13 levels left

rFire   . . .      SeeInvis .   c - +0 short sword
rCold   . . .      Faith    .   (no shield)
rNeg    . . .      Spirit   .   (helmet restricted)
rPois   .          Reflect  .   (no amulet)
rElec   .          Harm     .   (no ring)
rCorr   .          Rampage  .   (no ring)
Will    .....                   (no ring)
Stlth   +++.......              (no ring)
HPRegen 0.12/turn               (no ring)
MPRegen 0.13/turn               (no ring)
                                (no ring)
                                (no ring)

@: very slightly contaminated
A: almost no armour, amphibious, 8 rings, camouflage 1, gelatinous body 1,
(nimble swimmer 1), tentacles
a: no special abilities


You were on level 4 of the Dungeon.
You visited 1 branch of the dungeon, and saw 4 of its levels.

You collected 139 gold pieces.

Inventory:

Hand Weapons
 c - a +0 short sword (weapon)
Jewellery
 e - a ring of flight
 i - a ring of fire
Scrolls
 g - a scroll of vulnerability {unknown}
 m - a scroll of enchant weapon
Potions
 a - a potion of magic
 b - a potion of haste {unknown}
 d - a potion of attraction
 f - a potion of invisibility
 h - 2 potions of might {unknown}
 j - 3 potions of curing
 k - a potion of lignification {unknown}
 l - 2 potions of brilliance {unknown}
 o - a potion of heal wounds {unknown}


   Skills:
 - Level 2.0 Dodging
 - Level 2.6 Stealth
 + Level 4.3 Spellcasting
 + Level 3.4 Conjurations
 - Level 1.0 Transmutations
 - Level 3.6 Earth Magic


You had 7 spell levels left.
You knew the following spells:

 Your Spells              Type           Power      Damage    Failure   Level
a - Sandblast             Erth           34%        2d9       3%          1
b - Stone Arrow           Conj/Erth      34%        3d9       10%         3
c - Passwall              Tmut/Erth      10%        N/A       8%          2

Your spell library contained the following spells:

 Spells                   Type           Power      Damage    Failure   Level
 Freeze                   Ice            16%        1d4       14%         1
 Petrify                  Tmut/Erth      12%        N/A       45%         4
 Summon Forest            Summ/Tloc      2%         N/A       98%         5
 Summon Mana Viper        Hex/Summ       4%         N/A       98%         5
 Summon Cactus Giant      Summ           2%         N/A       100%        6


Dungeon Overview and Level Annotations

Branches:
Dungeon (4/15)
 Temple: D:4-7

Altars:
Nemelex Xobeh
Zin

Shops:
D:2 (


Innate Abilities, Weirdness & Mutations

You cannot wear most types of armour.
You are amphibious.
You can wear up to eight rings at the same time.
Your skin changes colour to match your surroundings (Stealth+).
Your rubbery body absorbs attacks. (AC +1, EV +1)
((You are camouflaged when in or above water. (Stealth+)))
You have tentacles for arms and can constrict up to eight enemies at once.


Message History

Aiming: Sandblast (safe; 3% risk of failure)
Press: ? - help, Shift-Dir - straight line, f/p - iguana
Aim: an iguana (severely wounded, 84% to hit)
The blast of sand misses the iguana.
The iguana barely misses you. The iguana closely misses you.
Casting: Sandblast (safe; 3% risk of failure)
Confirm with . or Enter, or press ? or * to list all spells.
Aiming: Sandblast (safe; 3% risk of failure)
Press: ? - help, Shift-Dir - straight line, f/p - iguana
Aim: an iguana (severely wounded, 84% to hit)
The blast of sand hits the iguana.
The iguana is almost dead.
The iguana closely misses you. The iguana bites you!
Casting: Sandblast (safe; 3% risk of failure)
Confirm with . or Enter, or press ? or * to list all spells.
Aiming: Sandblast (safe; 3% risk of failure)
Press: ? - help, Shift-Dir - straight line, f/p - iguana
Aim: an iguana (almost dead, 84% to hit)
The blast of sand hits the iguana but does no damage.
The iguana is almost dead.
The iguana closely misses you. The iguana bites you!
Casting: Sandblast (safe; 3% risk of failure)
Confirm with . or Enter, or press ? or * to list all spells.
Aiming: Sandblast (safe; 3% risk of failure)
Press: ? - help, Shift-Dir - straight line, f/p - iguana
Aim: an iguana (almost dead, 84% to hit)
The blast of sand hits the iguana but does no damage.
The iguana is almost dead.
The iguana bites you. The iguana bites you!
* * * LOW HITPOINT WARNING * * *
Casting: Sandblast (safe; 3% risk of failure)
Confirm with . or Enter, or press ? or * to list all spells.
The spell is quite dangerous to miscast (10% risk of failure)!
Continue anyway?
Aiming: Stone Arrow (quite dangerous; 10% risk of failure)
Press: ? - help, Shift-Dir - straight line, f/p - iguana
Aim: an iguana (severely wounded, 72% to hit)
You miscast Stone Arrow.
You are very lightly contaminated with residual magic.
Nothing appears to happen.
The iguana bites you.
You die...

#....# #...
##..## ....
#....### .....
##..#...## .....
#..####..##
...... ##..#
##..###
......##..##
##...####
.........##
###......
......>@.#
###........
.......l##
##..........
........#
###...........
.......##
#.............
.......
#.............
#......
##.............
#.....#
#..............
#.....
#.............<
##..............


You could see an iguana.

Vanquished Creatures
  A phantom (D:4)
  2 orc wizards (D:3)
  2 adders (D:3)
  4 worms
  9 dart slugs
  An orc (D:3)
  9 ball pythons
  10 endoplasms
  5 giant cockroaches
  6 goblins
  8 hobgoblins
  4 jackals (D:1)
  5 quokkas
  5 bats
  A frilled lizard (D:2)
  6 kobolds
  8 rats
86 creatures vanquished.

Vanquished Creatures (others)
  A fungus (D:1)
1 creature vanquished.

Grand Total: 87 creatures vanquished

Notes
Turn   | Place    | Note
-------+----------+-------------------------------------------
     0 | D:1      | Ijustatesigmund the Octopode Earth Elementalist began the
                  | quest for the Orb.
     0 | D:1      | Reached XP level 1. HP: 11/11 MP: 3/3
   190 | D:1      | Reached XP level 2. HP: 17/17 MP: 3/5
   719 | D:1      | Found a faded altar of an unknown god.
   930 | D:1      | Got Plato's Lectures on Graupel
  1075 | D:1      | Reached XP level 3. HP: 13/21 MP: 6/6
  1082 | D:1      | Learned a level 3 spell: Stone Arrow
  1085 | D:1      | Learned a level 2 spell: Passwall
  1670 | D:2      | Found Sotzurch's Weapon Shop.
  1912 | D:2      | Reached skill level 3 in Spellcasting
  1912 | D:2      | Reached skill level 1 in Conjurations
  2137 | D:2      | Reached XP level 4. HP: 26/27 MP: 6/8
  2323 | D:2      | You are sucked into a shaft and drop 2 floors!
  3158 | D:3      | Found a glowing silver altar of Zin.
  3309 | D:3      | Reached XP level 5. HP: 25/31 MP: 5/10
  3712 | D:4      | Noticed a phantom
  4493 | D:3      | Found a sparkling altar of Nemelex Xobeh.
  4664 | D:4      | Killed a phantom
  4665 | D:4      | Reached skill level 4 in Spellcasting
  4665 | D:4      | Reached XP level 6. HP: 18/36 MP: 2/12
  4919 | D:4      | Slain by an iguana

Illustrated notes

Levels and vault maps discovered:
D:1:      minmay_arrival_radiant_lines, layout_loops_corners,
          shapermc_ecumenical_altar_rom_forum
D:2:      layout_loops_cross, serial_shops, shop, hangedman_feature_mirror
D:3:      kennysheep_slugbush, layout_basic, marbit_many_paths,
          lemuel_tele_altar, grunt_decor_arrowhead
D:4:      minmay_goblin_kobold_castle, layout_cave_pods, uniq_ijyb, uniq_pikel

Skill      XL: |  1  2  3  4  5 |
---------------+----------------+-----
Spellcasting   | 3 4 |  4.3
Conjurations   | 1 2 3 |  3.4
Dodging        | |  2.0
Stealth        | |  2.6
Transmutations | |  1.0
Earth Magic    | |  3.6

Action                   |  1- 3 |  4- 6 || total
-------------------------+-------+-------++-------
Melee: Short sword       |    19 |    14 ||    33
       Constrict         |     5 |     5 ||    10
       Tentacles         |     6 |     6 ||    12
       Unarmed           |     3 |       ||     3
 Cast: Sandblast         |    53 |    63 ||   116
       Passwall          |       |     4 ||     4
       Stone Arrow       |       |     2 ||     2
  Use: Scroll            |     4 |     4 ||     8
       Potion            |       |     2 ||     2
 Stab: Sleeping          |       |     2 ||     2
Armor: Skin              |       |     3 ||     3
Dodge: Dodged            |    24 |    40 ||    64

Table legend: (Time is in decaauts)
 A = Elapsed time spent in this place.
 B = Non-inter-level travel time spent in this place.
 C = Inter-level travel time spent in this place.
 D = Time resting spent in this place.
 E = Time spent auto-exploring this place.
 F = Levels seen in this place.
 G = Mean time per level.
                   A        B        C        D        E       F      G
               +--------+--------+--------+--------+--------+-----+--------+
         Total |   5050 |   4956 |     94 |   1332 |   2819 |   4 | 1262.5 |
       Dungeon |   5050 |   4956 |     94 |   1332 |   2819 |   4 | 1262.5 |
               +--------+--------+--------+--------+--------+-----+--------+

Top non-repeatable levels by time:
     D:1: 1681 daAuts
     D:2: 1586 daAuts
     D:3: 981 daAuts
     D:4: 801 daAuts
